| TOP OF THE 1ST |
|
Iowa Cubs batting - Pitching for El Paso Chihuahuas : RHP Chris Levens
|
|
Pitching: RHP Chris Levens
|
|
|
Batting: LHB Paul Perry
|
0-0: Foul Ball, location: 2F 0-1: SINGLE (Groundball, 4MS, EV 72.5 MPH) (infield hit)
|
|
Batting: RHB Orlando Melchor
|
0-0: Ball 1-0: Called Strike 1-1: Ball 2-1: Ball 3-1: Base on Balls Paul Perry to second
|
|
Batting: SHB Terry Tuckfard
|
0-0: Foul Ball, location: 2F 0-1: Foul Ball, location: 2F 0-2: Strikes out swinging
|
|
Batting: RHB Mike Manchester
|
0-0: Ball 1-0: Called Strike 1-1: Called Strike 1-2: Foul Ball, location: 2F 1-2: Ball 2-2: Ball 3-2: Foul Ball, location: 2F 3-2: Foul Ball, location: 2F 3-2: Foul Ball, location: 2F 3-2: Strikes out looking
|
|
Batting: LHB Justin Shepard
|
0-0: Ball 1-0: DOUBLE (Flyball, 8RXD, EV 112.5 MPH) Paul Perry scores Orlando Melchor to third Runner from 3rd tries for Home, SAFE, no throw by CF
|
|
Batting: RHB Mario Ruiz
|
0-0: Ground out 6-3 (Groundball, 6, EV 88.1 MPH)
|
| Top of the 1st over - 2 runs, 2 hits, 0 errors, 1 left on base; Iowa 2 - El Paso 0 |
| BOTTOM OF THE 1ST |
|
El Paso Chihuahuas batting - Pitching for Iowa Cubs : LHP George Beecroft
|
|
Pitching: LHP George Beecroft
|
|
|
Batting: RHB J.J. Barajas
|
0-0: Swinging Strike 0-1: Swinging Strike 0-2: Ball 1-2: Strikes out looking
|
|
Batting: SHB Brian Bentz
|
0-0: Called Strike 0-1: Ball 1-1: Ground out 4-3 (Groundball, 4MD, EV 87.5 MPH)
|
|
Batting: RHB Gavin Fimple
|
0-0: Called Strike 0-1: Ball 1-1: Ball 2-1: Ball 3-1: Base on Balls
|
|
Batting: RHB Philip Jansen
|
0-0: Called Strike 0-1: Ball 1-1: Fly out, F7 (Flyball, 78M, EV 89.4 MPH)
|
| Bottom of the 1st over - 0 runs, 0 hits, 0 errors, 1 left on base; Iowa 2 - El Paso 0 |
| TOP OF THE 2ND |
|
Iowa Cubs batting - Pitching for El Paso Chihuahuas : RHP Chris Levens
|
|
Batting: RHB Jamie Ogilvie
|
0-0: Called Strike 0-1: DOUBLE (Groundball, 5L, EV 106.9 MPH)
|
|
Batting: RHB Israel Gaona
|
0-0: Ball 1-0: Foul Ball, location: 2F 1-1: Swinging Strike 1-2: Strikes out swinging
|
|
Batting: LHB George Beecroft
|
0-0: Fly out, F9 (Flyball, 89M, EV 88.8 MPH)
|
|
Batting: LHB Paul Perry
|
0-0: Ball 1-0: Ball 2-0: Swinging Strike 2-1: Foul Ball, location: 2F 2-2: SINGLE (Groundball, 34D, EV 93.8 MPH) Jamie Ogilvie to third Runner from 3rd tries for Home, SAFE, throw by RF to home Paul Perry to second
|
|
Batting: RHB Orlando Melchor
|
0-0: Single, Error in OF, E9, batter to second base (Line Drive, 3D, EV 94.4 MPH) Paul Perry scores
|
|
Batting: SHB Terry Tuckfard
|
0-0: Ball 1-0: Ball 2-0: Foul Ball, location: 2F 2-1: Called Strike 2-2: Reached via error on a dropped throw from 1B, E1 (Groundball, 34, EV 91.3 MPH) Orlando Melchor to third
|
|
Batting: RHB Mike Manchester
|
0-0: Ball 1-0: Ground out 4-3 (Groundball, 34, EV 85.6 MPH)
|
| Top of the 2nd over - 2 runs, 3 hits, 2 errors, 2 left on base; Iowa 4 - El Paso 0 |
| BOTTOM OF THE 2ND |
|
El Paso Chihuahuas batting - Pitching for Iowa Cubs : LHP George Beecroft
|
|
Batting: LHB Matt Heaton
|
0-0: Called Strike 0-1: Ball 1-1: Ball 2-1: Ball 3-1: Base on Balls
|
|
Batting: RHB Victor Gonzalez
|
0-0: Called Strike 0-1: Ball 1-1: Foul Ball, location: 2F 1-2: Foul Ball, location: 2F 1-2: Foul Ball, location: 2F 1-2: Fly out, F8 (Flyball, 78D, EV 88.1 MPH)
|
|
Batting: LHB Bobby Lee
|
0-0: Ball 1-0: Ball 2-0: Ball 3-0: Called Strike 3-1: Base on Balls Matt Heaton to second
|
|
Batting: SHB Alberto Cortez
|
0-0: Foul Ball, location: 2F 0-1: Ball 1-1: Foul Ball, location: 2F 1-2: Strikes out swinging
|
|
Batting: LHB Chris Levens
|
0-0: Swinging Strike 0-1: Foul Ball, location: 2F 0-2: Ball 1-2: Foul Ball, location: 2F 1-2: Fielders Choice at 2nd, U4 (Groundball, 4M, EV 92.5 MPH)
|
| Bottom of the 2nd over - 0 runs, 0 hits, 0 errors, 2 left on base; Iowa 4 - El Paso 0 |
| TOP OF THE 3RD |
|
Iowa Cubs batting - Pitching for El Paso Chihuahuas : RHP Chris Levens
|
|
Batting: LHB Justin Shepard
|
0-0: Ball 1-0: Foul Ball, location: 2F 1-1: Ball 2-1: SINGLE (Groundball, 34D, EV 99.4 MPH)
|
|
Batting: RHB Mario Ruiz
|
0-0: Ball 1-0: Called Strike 1-1: Ball 2-1: Fly out, F7 (Flyball, 78S, EV 81.3 MPH)
|
|
Batting: RHB Jamie Ogilvie
|
0-0: Ball 1-0: Ball 2-0: Ball 3-0: Base on Balls Justin Shepard to second
|
|
Batting: RHB Israel Gaona
|
0-0: Reached on error, E3 (Groundball, 34, EV 97.5 MPH) Justin Shepard to third Jamie Ogilvie to second
|
|
Batting: LHB George Beecroft
|
0-0: Ball Wild Pitch! Justin Shepard scores Jamie Ogilvie to third Israel Gaona to second 1-0: Called Strike 1-1: Ball 2-1: Foul Ball, location: 2F 2-2: Strikes out looking
|
|
Batting: LHB Paul Perry
|
0-0: Called Strike 0-1: Ball 1-1: Foul Ball, location: 2F 1-2: Ball 2-2: Ball 3-2: Base on Balls
|
|
Pitching: RHP Sumiki Kishi
|
|
|
Batting: RHB Orlando Melchor
|
0-0: Ball 1-0: Foul Ball, location: 2F 1-1: Fly out, F9 (Flyball, 89D, EV 103.8 MPH)
|
| Top of the 3rd over - 1 run, 1 hit, 1 error, 3 left on base; Iowa 5 - El Paso 0 |
| BOTTOM OF THE 3RD |
|
El Paso Chihuahuas batting - Pitching for Iowa Cubs : LHP George Beecroft
|
|
Batting: RHB J.J. Barajas
|
0-0: Foul Ball, location: 2F 0-1: Ball 1-1: Ball 2-1: Ball 3-1: Base on Balls
|
|
Batting: SHB Brian Bentz
|
0-0: Ball 1-0: Fly out, F9 (Flyball, 89D, EV 104.4 MPH)
|
|
Batting: RHB Gavin Fimple
|
0-0: Called Strike 0-1: Ball 1-1: Ball 2-1: Ball 3-1: Base on Balls J.J. Barajas to second
|
|
Batting: RHB Philip Jansen
|
0-0: Ball 1-0: Called Strike 1-1: Foul Ball, location: 2F 1-2: Ball 2-2: Foul Ball, location: 2F 2-2: Fly out, F8 (Flyball, 8RS, EV 84.4 MPH)
|
|
Batting: LHB Matt Heaton
|
0-0: Ball 1-0: Ball 2-0: Called Strike 2-1: Swinging Strike 2-2: Foul Ball, location: 2F 2-2: SINGLE (Groundball, 34D, EV 95.0 MPH) J.J. Barajas to third Gavin Fimple to second Runner from 3rd tries for Home, SAFE, throw by RF to home
|
|
Batting: RHB Victor Gonzalez
|
0-0: Ball 1-0: Fielders Choice at 2nd, 6-4 (Groundball, 6, EV 101.9 MPH)
|
| Bottom of the 3rd over - 1 run, 1 hit, 0 errors, 2 left on base; Iowa 5 - El Paso 1 |
| TOP OF THE 4TH |
|
Iowa Cubs batting - Pitching for El Paso Chihuahuas : RHP Sumiki Kishi
|
|
Batting: SHB Terry Tuckfard
|
0-0: Called Strike 0-1: Swinging Strike 0-2: Strikes out swinging
|
|
Batting: RHB Mike Manchester
|
0-0: Ball 1-0: Called Strike 1-1: SINGLE (Flyball, 6D, EV 98.1 MPH)
|
|
Batting: LHB Justin Shepard
|
0-0: Ball 1-0: Called Strike 1-1: SINGLE (Groundball, 3S, EV 61.9 MPH) (infield hit) Mike Manchester to second
|
|
Batting: RHB Mario Ruiz
|
0-0: Ball 1-0: Foul Ball, location: 2F 1-1: Fly out, F6 (Flyball, 6MD, EV 91.9 MPH)
|
|
Batting: RHB Jamie Ogilvie
|
0-0: Ball 1-0: Ball 2-0: Called Strike 2-1: Foul Ball, location: 2F 2-2: Ground out 6-3 (Groundball, 4MS, EV 90.0 MPH)
|
| Top of the 4th over - 0 runs, 2 hits, 0 errors, 2 left on base; Iowa 5 - El Paso 1 |
| BOTTOM OF THE 4TH |
|
El Paso Chihuahuas batting - Pitching for Iowa Cubs : LHP George Beecroft
|
|
Batting: LHB Bobby Lee
|
0-0: Fly out, F8 (Flyball, 89D, EV 100.0 MPH)
|
|
Batting: SHB Alberto Cortez
|
0-0: Ball 1-0: Called Strike 1-1: Called Strike 1-2: Foul Ball, location: 2F 1-2: Ball 2-2: Strikes out swinging
|
|
Batting: RHB Sumiki Kishi
|
0-0: Ball 1-0: Ground out 5-3 (Groundball, 56S, EV 71.9 MPH)
|
| Bottom of the 4th over - 0 runs, 0 hits, 0 errors, 0 left on base; Iowa 5 - El Paso 1 |
| TOP OF THE 5TH |
|
Iowa Cubs batting - Pitching for El Paso Chihuahuas : RHP Sumiki Kishi
|
|
Batting: RHB Israel Gaona
|
0-0: Foul Ball, location: 2F 0-1: Ball 1-1: Called Strike 1-2: Ball 2-2: Strikes out looking
|
|
Batting: LHB George Beecroft
|
0-0: Called Strike 0-1: Foul Ball, location: 2F 0-2: Strikes out swinging
|
|
Batting: LHB Paul Perry
|
0-0: Foul Ball, location: 2F 0-1: Ball 1-1: Ball 2-1: Ball 3-1: Base on Balls
|
|
Batting: RHB Orlando Melchor
|
0-0: Called Strike 0-1: SINGLE (Line Drive, 3, EV 72.5 MPH) (infield hit) Paul Perry to second
|
|
Batting: SHB Terry Tuckfard
|
0-0: Ball 1-0: Called Strike 1-1: Foul Ball, location: 2F 1-2: Strikes out swinging
|
| Top of the 5th over - 0 runs, 1 hit, 0 errors, 2 left on base; Iowa 5 - El Paso 1 |
| BOTTOM OF THE 5TH |
|
El Paso Chihuahuas batting - Pitching for Iowa Cubs : LHP George Beecroft
|
|
Batting: RHB J.J. Barajas
|
0-0: Ball 1-0: Ball 2-0: Ball 3-0: Called Strike 3-1: Foul Ball, location: 2F 3-2: Base on Balls
|
|
Batting: SHB Brian Bentz
|
0-0: Called Strike J.J. Barajas is caught stealing 2nd base 2-4 0-1: Ball 1-1: Foul Ball, location: 2F 1-2: Foul Ball, location: 2F 1-2: SINGLE (Groundball, 4MD, EV 96.3 MPH)
|
|
Batting: RHB Gavin Fimple
|
0-0: Foul Ball, location: 2F 0-1: Ball 1-1: Ball 2-1: Foul Ball, location: 2F 2-2: Grounds into double play, 6-4-3 (Groundball, 6, EV 88.1 MPH)
|
| Bottom of the 5th over - 0 runs, 1 hit, 0 errors, 0 left on base; Iowa 5 - El Paso 1 |
| TOP OF THE 6TH |
|
Iowa Cubs batting - Pitching for El Paso Chihuahuas : RHP Sumiki Kishi
|
|
Batting: RHB Mike Manchester
|
0-0: Ball 1-0: Ground out 4-3 (Groundball, 4, EV 95.6 MPH)
|
|
Batting: LHB Justin Shepard
|
0-0: Called Strike 0-1: Ball 1-1: Ball 2-1: Ball 3-1: Fly out, F9 (Flyball, 89M, EV 91.3 MPH)
|
|
Batting: RHB Mario Ruiz
|
0-0: Called Strike 0-1: Swinging Strike 0-2: Foul Ball, location: 2F 0-2: Ball 1-2: Ball 2-2: Strikes out looking
|
| Top of the 6th over - 0 runs, 0 hits, 0 errors, 0 left on base; Iowa 5 - El Paso 1 |
| BOTTOM OF THE 6TH |
|
El Paso Chihuahuas batting - Pitching for Iowa Cubs : LHP George Beecroft
|
|
Pitching: RHP Domingo Maldonado
|
|
|
Batting: RHB Philip Jansen
|
0-0: Ball 1-0: Fly out, F8 (Flyball, 8LD, EV 99.4 MPH)
|
|
Batting: LHB Matt Heaton
|
0-0: Foul Ball, location: 2F 0-1: Ball 1-1: SINGLE (Groundball, 4D, EV 97.5 MPH)
|
|
Batting: RHB Victor Gonzalez
|
0-0: Ball 1-0: Fly out, F8 (Flyball, 8RXD, EV 106.9 MPH)
|
|
Batting: LHB Bobby Lee
|
0-0: Ground out 4-3 (Groundball, P, EV 83.1 MPH)
|
| Bottom of the 6th over - 0 runs, 1 hit, 0 errors, 1 left on base; Iowa 5 - El Paso 1 |
| TOP OF THE 7TH |
|
Iowa Cubs batting - Pitching for El Paso Chihuahuas : RHP Sumiki Kishi
|
|
Pitching: RHP Jon Auffant
|
|
|
Batting: RHB Jamie Ogilvie
|
0-0: Ball 1-0: Swinging Strike 1-1: Foul Ball, location: 2F 1-2: Ground out 5-3 (Groundball, 5S, EV 85.6 MPH)
|
|
Batting: RHB Israel Gaona
|
0-0: Ground out 3-1 (Groundball, 34S, EV 69.4 MPH)
|
|
Pinch Hitting: RHB Justin Pellman
|
0-0: Ground out 6-3 (Groundball, 6, EV 110.0 MPH)
|
| Top of the 7th over - 0 runs, 0 hits, 0 errors, 0 left on base; Iowa 5 - El Paso 1 |
| BOTTOM OF THE 7TH |
|
El Paso Chihuahuas batting - Pitching for Iowa Cubs : RHP Domingo Maldonado
|
|
Pitching: RHP Joe Pruitt
|
|
|
Batting: SHB Alberto Cortez
|
0-0: Called Strike 0-1: Ball 1-1: Ball 2-1: Called Strike 2-2: Foul Ball, location: 2F 2-2: Ball 3-2: Foul Ball, location: 2F 3-2: Base on Balls
|
|
Pinch Hitting: SHB Pat O'Brien
|
0-0: Foul Ball, location: 2F 0-1: Ball 1-1: Ball Alberto Cortez steals 2nd base 2-1: Ball 3-1: Base on Balls
|
|
Batting: RHB J.J. Barajas
|
0-0: Swinging Strike 0-1: Foul Ball, location: 2F 0-2: Strikes out swinging
|
|
Batting: SHB Brian Bentz
|
0-0: Foul Ball, location: 2F 0-1: Ball 1-1: Ball 2-1: Called Strike 2-2: Ball 3-2: Fielders Choice at 2nd, 1-6 (Groundball, P, EV 68.8 MPH) Alberto Cortez to third
|
|
Batting: RHB Gavin Fimple
|
0-0: Ball 1-0: Ball 2-0: Ball 3-0: Called Strike 3-1: Called Strike 3-2: 3-RUN HOME RUN (Line Drive, 9LD, EV 99.4 MPH), Distance : 363 ft
|
|
Pitching: LHP Jose Rodriguez
|
|
|
Batting: RHB Philip Jansen
|
0-0: Swinging Strike 0-1: Foul Ball, location: 2F 0-2: Strikes out swinging
|
| Bottom of the 7th over - 3 runs, 1 hit, 0 errors, 0 left on base; Iowa 5 - El Paso 4 |
| TOP OF THE 8TH |
|
Iowa Cubs batting - Pitching for El Paso Chihuahuas : RHP Jon Auffant
|
|
Pitching: RHP Dusty MacLeod
|
|
|
Batting: LHB Paul Perry
|
0-0: Ball 1-0: Called Strike 1-1: Ball 2-1: Foul Ball, location: 2F 2-2: Fly out, F9 (Flyball, 89S, EV 85.0 MPH)
|
|
Batting: RHB Orlando Melchor
|
0-0: Ground out 6-3 (Groundball, 6, EV 98.8 MPH)
|
|
Batting: SHB Terry Tuckfard
|
0-0: Called Strike 0-1: Ball 1-1: Ground out 4-3 (Groundball, 4, EV 88.8 MPH)
|
| Top of the 8th over - 0 runs, 0 hits, 0 errors, 0 left on base; Iowa 5 - El Paso 4 |
| BOTTOM OF THE 8TH |
|
El Paso Chihuahuas batting - Pitching for Iowa Cubs : LHP Jose Rodriguez
|
|
Batting: LHB Matt Heaton
|
0-0: Called Strike 0-1: Ball 1-1: Foul Ball, location: 2F 1-2: Strikes out swinging
|
|
Batting: RHB Victor Gonzalez
|
0-0: Ball 1-0: Fly out, F9 (Line Drive, 9, EV 99.4 MPH)
|
|
Batting: LHB Bobby Lee
|
0-0: Fly out, F6 (Line Drive, 6, EV 67.5 MPH)
|
| Bottom of the 8th over - 0 runs, 0 hits, 0 errors, 0 left on base; Iowa 5 - El Paso 4 |
| TOP OF THE 9TH |
|
Iowa Cubs batting - Pitching for El Paso Chihuahuas : RHP Dusty MacLeod
|
|
Pitching: RHP Reece Barker
|
|
|
Now in LF: Phuck
|
|
|
Batting: RHB Mike Manchester
|
0-0: Ball 1-0: Called Strike 1-1: Called Strike 1-2: Ball 2-2: Strikes out swinging
|
|
Batting: LHB Justin Shepard
|
0-0: Ball 1-0: Swinging Strike 1-1: Foul Ball, location: 2F 1-2: Ball 2-2: Ball 3-2: Foul Ball, location: 2F 3-2: Foul Ball, location: 2F 3-2: Fly out, F9 (Flyball, 9S, EV 86.3 MPH)
|
|
Batting: RHB Mario Ruiz
|
0-0: Ball 1-0: Ball 2-0: Ball 3-0: Called Strike 3-1: SINGLE (Line Drive, 78S, EV 96.9 MPH)
|
|
Batting: RHB Jamie Ogilvie
|
0-0: Ball 1-0: Reached on error, E6 (Groundball, 6, EV 101.9 MPH) Mario Ruiz to second
|
|
Batting: RHB Israel Gaona
|
0-0: Ball 1-0: Foul Ball, location: 2F 1-1: Fly out, F9 (Flyball, 9D, EV 100.6 MPH)
|
| Top of the 9th over - 0 runs, 1 hit, 1 error, 2 left on base; Iowa 5 - El Paso 4 |
| BOTTOM OF THE 9TH |
|
El Paso Chihuahuas batting - Pitching for Iowa Cubs : LHP Jose Rodriguez
|
|
Pitching: RHP Ray Sasser
|
|
|
Pinch Hitting: RHB Alberto Cotto
|
0-0: Called Strike 0-1: Foul Ball, location: 2F 0-2: Fly out, F8 (Flyball, 8LXD, EV 95.6 MPH)
|
|
Batting: SHB Phuck
|
0-0: Ball 1-0: Swinging Strike 1-1: DOUBLE (Groundball, 3L, EV 98.8 MPH)
|
|
Batting: RHB J.J. Barajas
|
0-0: Foul Ball, location: 2F 0-1: Ball 1-1: Ball 2-1: Called Strike 2-2: Strikes out swinging
|
|
Batting: SHB Brian Bentz
|
0-0: Swinging Strike 0-1: SINGLE (Groundball, 13S, EV 63.8 MPH) (infield hit) Phuck to third
|
|
Batting: RHB Gavin Fimple
|
0-0: Foul Ball, location: 2F 0-1: Ball 1-1: Called Strike 1-2: Foul Ball, location: 2F 1-2: Foul Ball, location: 2F 1-2: Ball 2-2: Strikes out looking
|
| Bottom of the 9th over - 0 runs, 2 hits, 0 errors, 2 left on base; Iowa 5 - El Paso 4 |
|